 Dungeon Crawl Stone Soup version 0.20-a0-689-g860b9ab (webtiles) character file.

128 polly the Covered (level 5, -1/33 HPs)
             Began as a Gargoyle Fighter on Feb 20, 2017.
             Slain by a goblin (4 damage)
             ... led by Robin
             ... on level 2 of the Dungeon.
             The game lasted 00:01:28 (982 turns).

polly the Covered (Gargoyle Fighter)                 Turns: 982, Time: 00:01:29

Health: -1/33      AC: 11    Str: 24    XL:     5   Next: 12%
Magic:  5/5        EV:  8    Int:  9    God:
Gold:   111        SH:  9    Dex: 10    Spells: 4/4 levels left

rFire    + . .     SeeInvis .   a - +0 flail
rCold    x . .     Gourm    .   b - +0 scale mail
rNeg     + . .     Faith    .   c - +0 shield
rPois    ∞         Spirit   .   (no helmet)
rElec    +         Reflect  .   (no cloak)
rCorr    +         Harm     .   (no gloves)
MR       .....                  (no boots)
Stlth    ..........             (no amulet)
Regen    0.2/turn               q - ring of fire
MPRegen  0.1/turn               m - ring of resist corrosion

@: mighty
A: negative energy resistance 1, electricity resistance, unbreathing,
petrification resistance, rot immunity, AC +4
a: no special abilities


You were on level 2 of the Dungeon.
You were hungry.

You visited 1 branch of the dungeon, and saw 2 of its levels.

You collected 111 gold pieces.

Inventory:

Hand Weapons
 a - a +0 flail (weapon)
Armour
 b - a +0 scale mail (worn)
 c - a +0 shield (worn)
Jewellery
 m - a ring of resist corrosion (left hand)
 q - a ring of fire (right hand)
Scrolls
 e - 4 scrolls of identify {unknown}
 h - a scroll of enchant weapon {unknown}
 i - a scroll of recharging {unknown}
 k - a scroll of fear {unknown}
 l - a scroll of random uselessness {unknown}
 n - 2 scrolls of magic mapping {unknown}
 p - a scroll of remove curse {unknown}
 t - 2 scrolls of teleportation {unknown}
Potions
 g - a potion of curing {unknown}
 j - 3 potions of brilliance {unknown}
 o - 2 potions of lignification {unknown}
 r - a potion of flight {unknown}
 u - a potion of heal wounds
Comestibles
 f - 2 bread rations
 s - 3 fruits


   Skills:
 + Level 3.8 Fighting
 + Level 3.5 Maces & Flails
 + Level 4.0 Armour
 + Level 1.0 Dodging
 + Level 3.9 Shields


You had 4 spell levels left.
You didn't know any spells.

Dungeon Overview and Level Annotations

Branches:
Dungeon (2/15)

Altars:


Innate Abilities, Weirdness & Mutations

You are resistant to torment.
Your stone body is resilient. (AC +4)
You are immune to poison.
You resist negative energy. (rN+)
You are resistant to electric shocks. (rElec)
You can survive without breathing.
You are immune to petrification.
You are immune to rotting.


Message History

Unknown command.
You thump Robin!
You kill Robin!
Your Dodging skill increases to level 1!
The goblin barely misses you. The goblin hits you but does no damage.
You block the goblin's attack. x2
Unknown command.
You feel very mighty all of a sudden. The hobgoblin barely misses you.
The goblin hits you but does no damage. You block the goblin's attack.
The goblin misses you. The goblin hits you but does no damage.
You barely miss the goblin. The hobgoblin hits you with a club.
* * * LOW HITPOINT WARNING * * *
The goblin hits you but does no damage. x2; The goblin barely misses you.
You block the goblin's attack.
The hobgoblin hits you but does no damage.
Your shield and scale mail prevent you from hitting the goblin.
The goblin no longer looks unusually strong. x2
The goblin hits you.
You die...

# . . ....###.< ##.# .....#.
.... ...... # #. .... ...(# .#
#. ##. .r..#.. .#### #. #gg..
.... .... #. #gg##.#. #..# ##.#
.... #.##@g##.#.###..##### ...#
.....#..#gg##.....†....... ##.#
#.(...#..#..# #.###..#
#...........# #....#.#####
.....#.#.#.## #..#.#......
#..........# #..#.##.###. #.
....<#.#†### #....##.###. # #.
#.#.##.#.# ##.#..##..##.
#.#..#.#.##.#.##.........###.##.


You could see a hobgoblin, 6 goblins and a rat.

Vanquished Creatures
  Ijyb (D:2)
  Terence (D:2)
  Natasha (D:2)
  Robin (D:2)
  An ooze (D:1)
  A worm (D:2)
  A dart slug (D:1)
  5 bats
  A giant cockroach (D:1)
  6 goblins
  4 hobgoblins
  4 jackals (D:1)
  A quokka (D:2)
  2 ball pythons (D:1)
  3 frilled lizards
  A kobold (D:1)
  2 rats (D:2)
36 creatures vanquished.

Vanquished Creatures (others)
  A kobold (D:2)
1 creature vanquished.

Grand Total: 37 creatures vanquished

Notes
Turn   | Place    | Note
-------+----------+-------------------------------------------
     0 | D:1      | polly the Gargoyle Fighter began the quest for the Orb.
     0 | D:1      | Reached XP level 1. HP: 14/14 MP: 1/1
    94 | D:1      | Reached XP level 2. HP: 17/19 MP: 2/2
   431 | D:1      | Reached XP level 3. HP: 23/23 MP: 3/3
   574 | D:2      | Noticed Natasha
   581 | D:2      | Killed Natasha
   616 | D:2      | Noticed Ijyb
   619 | D:2      | Noticed Terence
   625 | D:2      | Killed Ijyb
   625 | D:2      | Reached skill level 4 in Armour
   625 | D:2      | Reached XP level 4. HP: 28/28 MP: 4/4
   638 | D:2      | Killed Terence
   953 | D:2      | Noticed Robin
   958 | D:2      | Reached XP level 5. HP: 33/33 MP: 5/5
   979 | D:2      | Killed Robin
   979 | D:2      | Reached skill level 1 in Dodging
   982 | D:2      | Slain by a goblin

Vault maps used:
D:1:      scummos_arrival_simple_crosswalls
D:2:      roderic_serpentine_path, lemuel_flame_loot_1, uniq_natasha,
          uniq_robin, uniq_terence, uniq_iyjb

Skill      XL: |  1  2  3  4  5 |
---------------+----------------+-----
Maces & Flails | 3 |  3.5
Armour         | 4 |  4.0
Dodging        | 1 |  1.0
Fighting       | |  3.8
Shields        | |  3.9

Action                   |  1- 3 |  4- 6 || total
-------------------------+-------+-------++-------
Melee: Flail             |   100 |    68 ||   168
  Use: Potion            |       |     1 ||     1
Armor: Scale mail        |    61 |    85 ||   146
Dodge: Dodged            |    34 |    50 ||    84
Block: Shield            |    61 |    63 ||   124
